 Dungeon Crawl Stone Soup version 0.26.0-8-g74fc34ddfb (webtiles) character file.

Game seed: 4507463595091663442

84 lastplaneout the Scratcher (level 4, -3/21 HPs)
             Began as a Felid Berserker on Jan 13, 2021.
             Was a Believer of Trog.
             Killed from afar by an orc wizard (12 damage)
             ... with a magic dart
             ... on level 4 of the Dungeon.
             The game lasted 00:06:31 (3514 turns).

lastplaneout the Scratcher (Felid Berserker)        Turns: 3514, Time: 00:06:32

Health: -3/21      AC:  1    Str: 13 (14) XL:     4   Next: 23%
Magic:  5/5        EV: 19    Int:  7 (8)  God:    Trog [**....]
Gold:   130        SH:  0    Dex: 14 (15) Spells: 3/3 levels left
                                        Lives:  0   Deaths: 1

rFire    . . .     SeeInvis +     - Unarmed
rCold    . . .     Faith    .   (shield unavailable)
rNeg     . . .     Spirit   .   (armour unavailable)
rPois    .         Reflect  .   (helmet unavailable)
rElec    .         Harm     .   (cloak unavailable)
rCorr    .         Rampage  .   (gloves unavailable)
Will     .....                  (boots unavailable)
Stlth    ++........             (no amulet)
HPRegen  0.07/turn              (no ring)
MPRegen  0.09/turn              (no ring)

@: quick
A: very small, no armour, no weapons or thrown items, stealth, claws 1, fangs 3,
see invisible, speed 1, shaggy fur 1, sharp paws
a: Renounce Religion, Berserk, Trog's Hand


You were on level 4 of the Dungeon.
You worshipped Trog.
Trog was pleased with you.
You visited 1 branch of the dungeon, and saw 4 of its levels.

You collected 130 gold pieces.

Inventory:

Wands
 i - a wand of enslavement (4)
 k - a wand of paralysis (10)
Scrolls
 b - a scroll of enchant weapon {unknown}
 d - 5 scrolls of identify {unknown}
 e - a scroll of amnesia {unknown}
 h - 2 scrolls of blinking {unknown}
 l - a scroll of enchant armour {unknown}
 m - a scroll of remove curse {unknown}
Potions
 a - 2 potions of degeneration
 c - a potion of invisibility {unknown}
 f - a potion of brilliance {unknown}
 g - a potion of curing
 j - a potion of lignification {unknown}


   Skills:
 - Level 3.0 Fighting
 - Level 4.0 Dodging
 + Level 5.6 Unarmed Combat


You had 3 spell levels left.
You didn't know any spells.
Your spell library was empty.

Dungeon Overview and Level Annotations

Branches:
Dungeon (4/15)
 Temple: D:4-7

Altars:
Ru


Innate Abilities, Weirdness & Mutations

You cannot wear armour.
You are incapable of wielding weapons or throwing items.
Your paws allow you to move quietly. (Stealth)
You have sharp claws.
You have razor-sharp teeth.
You have supernaturally acute eyesight. (SInv)
You cover ground quickly.
You are covered in fur. (AC +1)
Your sharp claws are effective at attacking unaware monsters.


Message History

Done exploring.
Done exploring.
(D) Dungeon
Where to? (Enter - D:3, ? - help)
What level of the Dungeon? (default 1, ? - help)
There is a stone staircase leading down here.
You climb downwards.
There is a stone staircase leading up here. 2 orcs come into view.
An orc wizard comes into view. It is wielding a +0 dagger.
The orc wizard shouts!
You hear an angry hiss.
The orc wizard casts a spell at you. The puff of frost hits you!
Ouch! That really hurt!
Found 22 arrows.
The orc wizard looks braver for a moment.
The orc wizard points at you and mumbles some strange words.
The magic dart hits you!
Ouch! That really hurt!
You die...

#...#.# #.#...#
#.#.### #<#.#
###.# #.# #.#
#.# #@# #.#
###.# #.o.#
#.###.#..
#o.......
.(.......oo....
...............
###.#.#.....#.#


You could see an orc wizard.

Vanquished Creatures
  Robin (D:3)
  3 adders
  2 worms (D:2)
  2 dart slugs (D:1)
  A leopard gecko (D:1)
  4 orcs (D:3)
  10 bats
  7 giant cockroaches
  15 goblins
  6 hobgoblins
  3 jackals (D:3)
  4 frilled lizards
  7 kobolds
  7 rats
72 creatures vanquished.

Vanquished Creatures (others)
  4 plants (D:2)
4 creatures vanquished.

Grand Total: 76 creatures vanquished

Notes
Turn   | Place    | Note
-------+----------+-------------------------------------------
     0 | D:1      | lastplaneout the Felid Berserker began the quest for the
                  | Orb.
     0 | D:1      | Reached XP level 1. HP: 10/10 MP: 2/2
   233 | D:1      | Reached XP level 2. HP: 14/14 MP: 3/3
   857 | D:1      | Reached skill level 4 in Unarmed Combat
  1310 | D:2      | Reached XP level 3. HP: 13/17 MP: 4/4
  1730 | D:2      | Reached ** piety under Trog
  1766 | D:2      | Found a sacrificial altar of Ru.
  2215 | D:3      | Noticed Robin
  2450 | D:2      | Reached skill level 5 in Unarmed Combat
  2450 | D:2      | Reached XP level 4. HP: 16/21 MP: 5/5
  2463 | D:3      | Killed Robin
  2465 | D:3      | Slain by a hobgoblin
  2466 | D:3      | Reached XP level 3. HP: -3/17 MP: 4/4
  3128 | D:3      | Reached XP level 4. HP: 7/21 MP: 5/5
  3514 | D:4      | Killed from afar by an orc wizard

Illustrated notes

Levels and vault maps discovered:
D:1:      lightli_arrival_noodles, layout_loops_ring, palyth_stone_intersect,
          minmay_pentomino_r2
D:2:      wad_lake_hut, layout_basic, grunt_ministairs_12,
          nicolae_ru_sacrificial_ziggurat
D:3:      layout_rooms, minmay_misc_feat_nine_boxes, uniq_robin
D:4:      layout_basic, gammafunk_ghost_arena, uniq_sigmund, uniq_ijyb

Skill      XL: |  1  2  3 |
---------------+----------+-----
Unarmed Combat | 4 5 |  5.6
Fighting       | |  3.0
Dodging        | |  4.0

Action                   |  1- 3 |  4- 6 || total
-------------------------+-------+-------++-------
Melee: Unarmed           |   178 |    27 ||   205
       Bite              |    14 |     2 ||    16
       Punch             |     4 |       ||     4
Invok: Berserk           |       |     1 ||     1
  Use: Potion            |       |     2 ||     2
 Stab: Sleeping          |     6 |       ||     6
Armor: Skin              |     8 |     1 ||     9
Dodge: Dodged            |   173 |    22 ||   195
